AoeStats
← _Orca_

Oasis

508552656Analyzed
2v2 RM · 8d ago on Sep 23, 2026· 55m 1s· 4 players
Game mode
Random Map
Map size
Medium (4 player)
Population
200
Speed
Normal
Resources
Standard
Victory
Conquest
Starting age
Dark Age
Ending age
Imperial Age
RankedLock teamsTeams togetherTeam positionsShared explorationLock speedFull tech treeHidden civsTurbo modeCheats
Victory
Defeat
🇫🇷 Varangians · France
1418
+15
🇧🇩 Saxons · Bangladesh
1390
+17
🇺🇸 Slavs · United States
1414
-16
🇺🇸 Danes · United States
1393
-16
Kvaratskhelia
6:33 Loom
8:49 Feudal Age
9:29 Double-Bit Axe
10:04 Horse Collar
12:54 Town Watch
15:06 Forging
17:12 Wheelbarrow
20:15 Castle Age
20:15 Scale Barding Armor
21:12 Husbandry
21:51 Gold Mining
22:14 Bow Saw
22:42 Bloodlines
29:47 Chain Barding Armor
32:21 Hand Cart
37:52 Imperial Age
36:20 Iron Casting
37:30 Stone Mining
37:42 Heavy Plow
37:56 Elite Jarl
39:14 Plate Barding Armor
43:46 Blast Furnace
43:27 Conscription
43:42 Fletching
44:57 Stone Shaft Mining
44:53 Crop Rotation
45:24 Two-Man Saw
46:12 Pikeman
46:53 Squires
48:09 Guilds
48:00 Caravan
47:55 Cavalier
48:31 Bodkin Arrow
49:31 Vendel Legacy
50:47 Bodkin Arrow
51:05 Masonry
52:18 Architecture
52:09 Ballistics
54:17 Bracer
_Orca_
6:27 Loom
8:55 Feudal Age
14:22 Fletching
21:35 Castle Age
19:51 Double-Bit Axe
19:48 Horse Collar
21:16 Padded Archer Armor
21:38 Crossbowman
22:14 Bodkin Arrow
25:44 Leather Archer Armor
27:09 Town Watch
32:44 Wheelbarrow
32:57 Ballistics
35:52 Imperial Age
34:26 Arson
34:41 Squires
34:27 Gambesons
35:01 Hand Cart
35:26 Bow Saw
35:17 Heavy Plow
35:08 Gold Mining
35:09 Stone Mining
35:23 Scale Mail Armor
35:34 Forging
35:11 Treadmill Crane
35:24 Pikeman
37:11 Chain Mail Armor
37:31 Iron Casting
38:29 Plate Mail Armor
38:14 Elite Varangian Guard
40:03 Gold Shaft Mining
39:52 Thumb Ring
40:19 Fortified Wall
40:54 Bracer
41:38 Conscription
41:24 Halberdier
42:47 Elite Hearth Troop
44:03 Siege Engineers
44:09 Masonry
45:26 Ring Archer Armor
44:49 Shield Wall
46:14 Hoardings
50:42 Caravan
50:53 Guilds
55:11 Two-Man Saw
mifan93
4:29 Loom
10:13 Feudal Age
10:21 Man-at-Arms
12:12 Scale Mail Armor
15:57 Double-Bit Axe
20:34 Castle Age
18:51 Horse Collar
19:43 Forging
19:34 Gold Mining
20:19 Arson
20:37 Long Swordsman
21:41 Squires
22:54 Chain Mail Armor
23:00 Town Watch
23:54 Bow Saw
24:10 Fletching
24:47 Bodkin Arrow
24:59 Crossbowman
26:48 Padded Archer Armor
28:33 Ballistics
31:19 Wheelbarrow
36:00 Heavy Plow
40:47 Thumb Ring
41:18 Stone Mining
43:48 Hand Cart
46:17 Imperial Age
44:22 Masonry
44:49 Bloodlines
44:39 Husbandry
45:37 Murder Holes
46:28 Cranequins
47:06 Heavy Mounted Crossbowman
49:24 Chemistry
49:32 Conscription
50:05 Pikeman
51:59 Hoardings
Knightfall
11:45 Feudal Age
10:02 Loom
11:48 Feudal Age
16:52 Castle Age
15:52 Double-Bit Axe
15:49 Horse Collar
19:40 Heavy Plow
23:44 Bow Saw
24:51 Wheelbarrow
26:48 Hand Cart
26:40 Stone Mining
27:44 Gold Mining
28:40 Ballistics
31:40 Imperial Age
29:59 Gold Shaft Mining
29:36 Husbandry
29:47 Bloodlines
30:37 Scale Barding Armor
30:43 Forging
32:01 Chain Barding Armor
31:49 Cavalier
33:43 Plate Barding Armor
35:18 Iron Casting
34:46 Town Watch
39:19 Blast Furnace
38:10 Fletching
38:56 Detinets
39:19 Conscription
39:20 Elite Boyar
43:10 Hoardings
42:14 Capped Ram
44:05 Town Patrol
45:44 Capped Ram
46:46 Siege Ram
50:28 Light Cavalry
51:37 Scale Mail Armor
51:33 Bodkin Arrow
51:53 Man-at-Arms
52:33 Squires
52:56 Long Swordsman
53:29 Two-Handed Swordsman
54:14 Champion
Connection lost

Rejoining the realm…

Still unreachable

The connection could not be restored.

Session expired

The server has moved on; the page needs a fresh start.